[Event "VII Sunway Sitges Open-B 2020"]
[Site "Sitges"]
[Date "2020.12.13"]
[Round "1.2"]
[White "Camps Abadia, Arnau"]
[Black "Ribon Calabia, Mariano"]
[Result "0-1"]
[ECO "C00"]
[WhiteElo "1177"]
[BlackElo "1733"]
[Annotator "NA RC"]
[PlyCount "124"]
[EventDate "2020.12.13"]
[EventType "swiss"]
[EventCountry "ESP"]
[SourceTitle "playchess.com"]
[Source "ChessBase"]
[SourceQuality "1"]
[TimeControl "40/5400+30:1800+30"]

1. e4 e6 2. d3 c5 3. Nf3 Nc6 4. g3 d5 5. Nbd2 Nf6 6. Bg2 Be7 7. O-O dxe4 8. dxe4 e5 9. Nc4 Qxd1 10. Rxd1 Bg4 11. Rd3 Bxf3 12. Bxf3 Rd8 13. Rxd8+ Kxd8 14. Bg5 Kc7 15. Rd1 Rd8 16. Rxd8 Bxd8 17. c3 h6 18. Bxf6 Bxf6 19. a4 Bg5 20. h4 Bc1 21. Kf1 a6 22. a5 g6 23. Bg4 h5 24. Bh3 Bh6 25. Ke2 g5 26. hxg5 Bxg5 27. Bf5 h4 28. Kf3 hxg3 29. Kxg3 Bc1 30. Bg4 Bg5 31. Bh5 f6 32. Bg4 Nd8 33. Nb6 Nc6 34. Nc4 Ne7 35. Be6 Nc8 36. Bd5 b5 37. axb6+ Nxb6 38. Nxb6 Kxb6 39. b3 Kb5 40. Bc4+ Kb6 41. Be2 Bd2 42. c4 Ka5 43. Kg4 Kb4 44. Bd1 a5 45. Kf5 Bg5 46. Ke6 Bh4 47. f3 Kc3 48. Kd5 Bf2 49. f4 exf4 50. e5 fxe5 51. Kxe5 Be3 52. Ke4 Kd2 53. b4 axb4 54. Bb3 Kc3 55. Ba2 b3 56. Bb1 Kb2 57. Bd3 Kc1 58. Kf3 b2 59. Ke2 b1=Q 60. Bxb1 Kxb1 61. Kd3 Kb2 62. Ke2 Kc3 0-1

[Event "VII Sunway Sitges Open-B 2020"]
[Site "Sitges"]
[Date "2020.12.13"]
[Round "1.3"]
[White "Fonseca, Pedro Miguel Ramos"]
[Black "Vazquez De Los Reyes, Edgar"]
[Result "1-0"]
[ECO "B32"]
[WhiteElo "1667"]
[BlackElo "1085"]
[Annotator "NA"]
[PlyCount "65"]
[EventDate "2020.12.13"]
[EventType "swiss"]
[EventCountry "ESP"]
[SourceTitle "playchess.com"]
[Source "ChessBase"]
[SourceQuality "1"]
[TimeControl "40/5400+30:1800+30"]

1. e4 c5 2. Nf3 Nc6 3. d4 cxd4 4. Nxd4 e5 5. Nb5 a6 6. Nd6+ Bxd6 7. Qxd6 Qe7 8. Qd1 Nf6 9. Nc3 O-O 10. Bg5 d6 11. Nd5 Qd8 12. c3 h6 13. Nxf6+ Kh8 14. Qh5 gxf6 15. Qxh6+ Kg8 16. Bxf6 Qxf6 17. Qxf6 Rd8 18. h4 Kf8 19. h5 Ke8 20. h6 Be6 21. h7 Kd7 22. h8=Q Rxh8 23. Rxh8 Rxh8 24. Qxh8 Ne7 25. O-O-O Ng6 26. Qb8 Ke7 27. Qxd6+ Kf6 28. Bc4 Nf8 29. Qxf8 Bxc4 30. Rd6+ Be6 31. g4 b5 32. g5+ Kg6 33. Qh6# 1-0

[Event "VII Sunway Sitges Open-B 2020"]
[Site "Sitges"]
[Date "2020.12.14"]
[Round "2.2"]
[White "Abreu Sanchez, Leonel Jesus"]
[Black "Palacios Pena, Gerardo"]
[Result "1-0"]
[ECO "D43"]
[WhiteElo "1688"]
[BlackElo "1811"]
[Annotator "NA RC"]
[PlyCount "195"]
[EventDate "2020.12.13"]
[EventType "swiss"]
[EventCountry "ESP"]
[SourceTitle "playchess.com"]
[Source "ChessBase"]
[SourceQuality "1"]
[TimeControl "40/5400+30:1800+30"]

1. d4 d5 2. Nf3 Nf6 3. c4 c6 4. Nc3 e6 5. cxd5 exd5 6. Bg5 Be7 7. Qc2 O-O 8. e3 Bg4 9. Ne5 Bh5 10. Bd3 Bg6 11. O-O Bxd3 12. Qxd3 Nbd7 13. f4 Ne8 14. Bxe7 Qxe7 15. Rab1 Nd6 16. b4 a6 17. Na4 Rad8 18. Nc5 Nb8 19. a4 f6 20. Nf3 Rfe8 21. Rfe1 Nd7 22. Nd2 Nxc5 23. bxc5 Nf7 24. Rb6 Rd7 25. Nb3 g6 26. Na5 Nd8 27. Rb3 Qe6 28. Rf1 Rde7 29. Rf3 Qc8 30. h3 Kh8 31. g4 Rg8 32. Rb2 Qc7 33. Nb3 Rge8 34. Re2 Ne6 35. Ref2 Rf8 36. h4 f5 37. Rg2 fxg4 38. Rxg4 Ng7 39. Rg5 Qd7 40. Nd2 Rf5 41. Rfg3 Rxg5 42. hxg5 $11 Nf5 43. Rf3 Ng7 (43... Qd8 $15) 44. Nf1 {[%emt 0:03:01] [#]} Qg4+ $1 45. Rg3 Qh4 46. Rg2 Nf5 47. Rh2 Qg4+ 48. Rg2 Qh4 49. Rh2 Qe1 50. Re2 Qc1 51. Kf2 Kg7 52. Qc2 Qa1 53. Qa2 Qd1 54. Qc2 Qa1 55. Qa2 Qxa2 56. Rxa2 h5 57. gxh6+ Kxh6 58. Re2 g5 59. fxg5+ Kxg5 60. Nd2 Rh7 61. Nf3+ Kf6 62. e4 dxe4 63. Rxe4 Rd7 64. Ke1 Rh7 65. Kd2 Rh1 66. Kc3 Rh3 67. Rf4 a5 68. Kc4 Kg6 69. d5 Ne3+ {[%emt 0:00:20] Double Attack} 70. Kd4 Nxd5 71. Ne5+ Kg5 72. Rf7 Rh4+ 73. Kd3 Rb4 74. Nc4 Nf4+ 75. Kc3 Ne2+ 76. Kd3 Nc1+ 77. Kc3 Ne2+ 78. Kd3 Nf4+ 79. Kc3 Nd5+ 80. Kd3 Rxa4 81. Rxb7 Nb4+ 82. Kc3 Nd5+ 83. Kd3 Ra1 84. Ra7 a4 85. Ra8 Kf5 86. Nb6 a3 87. Nxd5 cxd5 88. c6 Rc1 89. Rxa3 Rxc6 90. Kd4 Ke6 91. Ra4 $1 Kd6 92. Rb4 Ra6 93. Rb8 $1 Ra4+ 94. Kd3 Rh4 95. Rd8+ Kc6 96. Rc8+ Kd7 97. Rg8 $11 Rh8 98. Rxh8 1-0

[Event "VII Sunway Sitges Open-B 2020"]
[Site "Sitges"]
[Date "2020.12.14"]
[Round "2.3"]
[White "Gil Jimenez, David"]
[Black "Casares Bonals, Ainhoa"]
[Result "0-1"]
[ECO "B90"]
[WhiteElo "1108"]
[BlackElo "1778"]
[Annotator "NA RC"]
[PlyCount "76"]
[EventDate "2020.12.13"]
[EventType "swiss"]
[EventCountry "ESP"]
[SourceTitle "playchess.com"]
[Source "ChessBase"]
[SourceQuality "1"]
[TimeControl "40/5400+30:1800+30"]

1. e4 c5 2. Nf3 d6 3. d4 cxd4 4. Nxd4 Nf6 5. Nc3 a6 6. f3 e5 7. Nb3 Be6 8. Be3 Be7 9. Qd2 O-O 10. O-O-O Nbd7 11. h4 b5 12. g4 Nb6 13. Kb1 b4 14. Bxb6 Qxb6 15. Nd5 Bxd5 16. exd5 a5 17. Bd3 a4 18. Nc1 Kh8 19. Bf5 Ra5 20. Be4 Rc8 21. h5 Nxe4 22. fxe4 h6 23. Rhf1 Bg5 24. Qd3 Rc7 25. Ne2 Rac5 26. Ka1 Kg8 27. c3 Rb7 28. Rb1 Qa5 29. Rf3 bxc3 30. Nxc3 a3 31. bxa3 Rxb1+ 32. Nxb1 Bc1 33. Rf2 Qc7 34. Qb3 Rc4 35. Qd3 Qc5 36. Nd2 Rc2 37. Rh2 Bxa3 38. Nb3 Qg1+ 0-1

[Event "VII Sunway Sitges Open-B 2020"]
[Site "Sitges"]
[Date "2020.12.14"]
[Round "2.4"]
[White "Clanchet Olle, Josep"]
[Black "Aeschbacher, Dimitri"]
[Result "1-0"]
[ECO "C50"]
[WhiteElo "1701"]
[BlackElo "1261"]
[Annotator "NA RC"]
[PlyCount "73"]
[EventDate "2020.12.13"]
[EventType "swiss"]
[EventCountry "ESP"]
[SourceTitle "playchess.com"]
[Source "ChessBase"]
[SourceQuality "1"]
[TimeControl "40/5400+30:1800+30"]

1. e4 e5 2. Nf3 Nc6 3. Bc4 Bc5 4. O-O Nf6 5. Nc3 O-O 6. d3 h6 7. Na4 Be7 8. Be3 a6 9. Nc3 d6 10. h3 Be6 11. Bxe6 fxe6 12. d4 exd4 13. Nxd4 Nxd4 14. Bxd4 e5 15. Be3 Qe8 16. Nd5 Nxd5 17. Qxd5+ Rf7 18. Qxb7 Rb8 19. Qxc7 Rxb2 20. Rab1 Rxb1 21. Rxb1 Rf8 22. Rb7 Bf6 23. Bxh6 Rf7 24. Qxf7+ Qxf7 25. Rxf7 Kxf7 26. Bc1 Ke6 27. Kf1 d5 28. exd5+ Kxd5 29. Bb2 Ke4 30. Ke2 g6 31. g3 g5 32. f3+ Kd5 33. f4 Ke6 34. fxe5 Bxe5 35. Bxe5 Kxe5 36. Ke3 a5 37. h4 1-0

[Event "VII Sunway Sitges Open-B 2020"]
[Site "Sitges"]
[Date "2020.12.15"]
[Round "3.2"]
[White "Destic, Elena"]
[Black "Cuyvers, Jens"]
[Result "1-0"]
[ECO "C07"]
[WhiteElo "1745"]
[BlackElo "1446"]
[Annotator "NA RC"]
[PlyCount "93"]
[EventDate "2020.12.13"]
[EventType "swiss"]
[EventCountry "ESP"]
[SourceTitle "playchess.com"]
[Source "ChessBase"]
[SourceQuality "1"]
[TimeControl "40/5400+30:1800+30"]

1. e4 e6 2. d4 d5 3. Nd2 c5 4. e5 cxd4 5. Ngf3 Nc6 6. Nb3 Bb4+ 7. Bd2 Bxd2+ 8. Qxd2 a6 9. Nbxd4 Nge7 10. Bd3 h6 11. c3 Bd7 12. O-O Rc8 13. Qe2 b5 14. Nxc6 Bxc6 15. Kh1 Bd7 16. Nd4 Nc6 17. f4 Nxd4 18. cxd4 g6 19. g4 Qe7 20. f5 gxf5 21. gxf5 Rg8 22. f6 Qf8 23. Rg1 Rg5 24. Qe3 Qg8 25. Rxg5 Qxg5 26. Qxg5 hxg5 27. Rg1 Kd8 28. Rxg5 Rc1+ 29. Rg1 Rxg1+ 30. Kxg1 Ke8 31. Kf2 Kf8 32. Bh7 a5 33. Ke3 b4 34. h4 Ba4 35. Kf4 b3 36. a3 Bb5 37. h5 Bc6 38. Kg5 Bb5 39. h6 Be8 40. Kf4 Bd7 41. Kg4 Bb5 42. Bg6 Kg8 43. Bxf7+ Kh8 44. Bxe6 a4 45. f7 Be2+ 46. Kg5 Kh7 47. Bf5+ 1-0

[Event "VII Sunway Sitges Open-B 2020"]
[Site "Sitges"]
[Date "2020.12.15"]
[Round "3.4"]
[White "Casares Bonals, Asier"]
[Black "Dominguez Diaz, Francisco"]
[Result "1-0"]
[ECO "A02"]
[WhiteElo "1537"]
[BlackElo "1285"]
[Annotator "NA RC"]
[PlyCount "41"]
[EventDate "2020.12.13"]
[EventType "swiss"]
[EventCountry "ESP"]
[SourceTitle "playchess.com"]
[Source "ChessBase"]
[SourceQuality "1"]
[TimeControl "40/5400+30:1800+30"]

1. f4 Nf6 2. Nf3 d5 3. g3 c6 4. Bg2 Nbd7 5. O-O Qc7 6. d3 e5 7. fxe5 Nxe5 8. Nxe5 Qxe5 9. Nc3 Be7 10. e4 dxe4 11. Nxe4 Nxe4 12. Bxe4 Bh3 13. Re1 O-O 14. Bxh7+ Kxh7 15. Rxe5 Bf6 16. Rh5+ Kg8 17. Rxh3 g6 18. Bh6 Rfe8 19. Qf3 Bd4+ 20. Kg2 Re3 21. Bxe3 1-0

[Event "VII Sunway Sitges Open-B 2020"]
[Site "Sitges"]
[Date "2020.12.16"]
[Round "4.1"]
[White "Teply Koutsky, David"]
[Black "Parra Ordorica, Arnau"]
[Result "0-1"]
[ECO "E20"]
[WhiteElo "1739"]
[BlackElo "1796"]
[Annotator "NA RC"]
[PlyCount "160"]
[EventDate "2020.12.13"]
[EventType "swiss"]
[EventCountry "ESP"]
[SourceTitle "playchess.com"]
[Source "ChessBase"]
[SourceQuality "1"]
[TimeControl "40/5400+30:1800+30"]

1. d4 Nf6 2. c4 e6 3. Nc3 Bb4 4. f3 Nc6 5. a3 Bxc3+ 6. bxc3 b6 7. e4 e5 8. d5 Na5 9. Bd3 d6 10. Rb1 Qd7 11. c5 dxc5 12. Bb5 c6 13. dxc6 Nxc6 14. Bg5 Bb7 15. Bxf6 gxf6 16. Qxd7+ Kxd7 17. Rd1+ Ke7 18. Ne2 a6 19. Bc4 Rad8 20. Kf2 Na5 21. Ba2 Bc6 22. Ng3 Rhe8 23. Nf5+ Kf8 24. Nh6 Ba4 25. Rd5 c4 26. Bb1 Rxd5 27. exd5 Nb7 28. Ng4 Kg7 29. Ne3 Bb3 30. Nf5+ Kf8 31. Ng3 Rd8 32. Bxh7 Rxd5 33. Be4 Rd7 34. Bxb7 Rxb7 35. Re1 Rd7 36. Ne4 Kg7 37. Ng3 b5 38. Nf1 a5 39. Rc1 f5 40. Re1 Kf6 41. g3 Rd5 42. Re2 Bd1 43. Ne3 Rd3 44. Nxd1 Rxd1 45. Rb2 Rd5 46. Ra2 Rd3 47. Rc2 Ke6 48. a4 bxa4 49. Ra2 Rxc3 50. Rxa4 e4 51. fxe4 fxe4 52. Rxa5 f5 53. h4 Kf6 54. Ra6+ Ke5 55. h5 f4 56. gxf4+ Kxf4 57. h6 Rh3 58. Rc6 c3 59. h7 c2 60. Rxc2 Rxh7 61. Rc8 Rh2+ 62. Kf1 Kf3 63. Rf8+ Ke3 64. Re8 Rh1+ 65. Kg2 Re1 66. Re7 Kd2 67. Rd7+ Ke2 68. Re7 e3 69. Re8 Rd1 70. Re7 Rd6 71. Re8 Rg6+ 72. Kh2 Kd2 73. Rd8+ Ke1 74. Re8 e2 75. Re7 Rg5 76. Re8 Kd2 77. Rd8+ Ke3 78. Re8+ Kd3 79. Rd8+ Ke4 80. Re8+ Re5 0-1

[Event "VII Sunway Sitges Open-B 2020"]
[Site "Sitges"]
[Date "2020.12.16"]
[Round "4.2"]
[White "Abreu Sanchez, Leonel Jesus"]
[Black "Sierra Magrazo, Lidia"]
[Result "1-0"]
[ECO "A09"]
[WhiteElo "1688"]
[BlackElo "1459"]
[Annotator "NA RC"]
[PlyCount "81"]
[EventDate "2020.12.13"]
[EventType "swiss"]
[EventCountry "ESP"]
[SourceTitle "playchess.com"]
[Source "ChessBase"]
[SourceQuality "1"]
[TimeControl "40/5400+30:1800+30"]

1. Nf3 d5 2. c4 d4 3. e3 c5 4. b4 dxe3 5. fxe3 cxb4 6. d4 Nf6 7. Be2 Bg4 8. O-O e6 9. a3 Nc6 10. Bd2 Be7 11. axb4 Bxb4 12. Bxb4 Nxb4 13. Qa4+ Nc6 14. d5 exd5 15. cxd5 Qxd5 16. Bc4 Qe4 17. Bxf7+ Kd8 18. Qb3 Qb4 19. Qc2 Qe4 20. Qc5 Qb4 21. Qg5 Qf8 22. Bc4 Qe7 23. Nbd2 Re8 24. Rfe1 Kc7 25. Rac1 Rad8 26. Bb5 Rd5 27. Qf4+ Qd6 28. Qa4 Rc5 29. Nb3 Rh5 30. Bxc6 bxc6 31. Qxa7+ Kd8 32. Red1 Nd5 33. Nbd4 Bd7 34. h3 Rh6 35. Ng5 Rf8 36. e4 Qf4 37. exd5 Qf2+ 38. Kh1 Ke7 39. dxc6 Rd6 40. cxd7 Rxd7 41. Nc6+ 1-0

[Event "VII Sunway Sitges Open-B 2020"]
[Site "Sitges"]
[Date "2020.12.16"]
[Round "4.3"]
[White "Molina Tabernero, Jordi"]
[Black "Bangerter, Daria"]
[Result "0-1"]
[ECO "A45"]
[WhiteElo "1436"]
[BlackElo "1656"]
[Annotator "NA RC"]
[PlyCount "100"]
[EventDate "2020.12.13"]
[EventType "swiss"]
[EventCountry "ESP"]
[SourceTitle "playchess.com"]
[Source "ChessBase"]
[SourceQuality "1"]
[TimeControl "40/5400+30:1800+30"]

1. d4 Nf6 2. Bf4 c5 3. e3 Qb6 4. dxc5 Qxb2 5. Nd2 Qc3 6. Bd3 Nc6 7. Ne2 Qxc5 8. Nb3 Qb6 9. a3 e5 10. Bg5 Bxa3 11. Bxf6 gxf6 12. O-O Be7 13. Ng3 d6 14. Nh5 Be6 15. Ng7+ Kd7 16. Nxe6 fxe6 17. Rb1 Nb4 18. Nd2 Qa5 19. Nc4 Qa4 20. Ra1 Qc6 21. Na5 Qc7 22. Bb5+ Nc6 23. Qf3 a6 24. Nxc6 axb5 25. Nxe7 Kxe7 26. Qe2 Qc4 27. Qd2 Qd5 28. Qb4 Rhg8 29. g3 Qc4 30. Qd2 Rgc8 31. Rad1 d5 32. Rc1 Ra2 33. Qd3 e4 34. Qxc4 Rxc4 35. c3 Ra3 36. Rb1 Rc5 37. Rfc1 Kd6 38. Kg2 Kc6 39. Ra1 Rxa1 40. Rxa1 Rxc3 41. Ra8 Kb6 42. Re8 Rc6 43. Ra8 b4 44. Ra1 b3 45. Rb1 Rc3 46. Kf1 Ka5 47. Ke1 Rd3 48. Ke2 Kb4 49. Rc1 b2 50. Rc7 b5 0-1

[Event "VII Sunway Sitges Open-B 2020"]
[Site "Sitges"]
[Date "2020.12.16"]
[Round "4.4"]
[White "Martinez Ayala, Pol"]
[Black "Uber Gracia, Hugo"]
[Result "0-1"]
[ECO "C00"]
[WhiteElo "1120"]
[BlackElo "1575"]
[Annotator "NA"]
[PlyCount "106"]
[EventDate "2020.12.13"]
[EventType "swiss"]
[EventCountry "ESP"]
[SourceTitle "playchess.com"]
[Source "ChessBase"]
[SourceQuality "1"]
[TimeControl "40/5400+30:1800+30"]

1. e4 e6 2. d3 d5 3. Nd2 dxe4 4. dxe4 b6 5. Ngf3 Bb7 6. b3 Nd7 7. Bb2 Nc5 8. Qe2 Nf6 9. e5 Nd5 10. c4 Nb4 11. Qd1 Ncd3+ 12. Bxd3 Nxd3+ 13. Ke2 Nxb2 14. Qc2 Bxf3+ 15. Nxf3 Ba3 16. Rhe1 Qd7 17. g3 O-O-O 18. h4 Qd3+ 19. Qxd3 Nxd3 20. Red1 Nb4 21. Rxd8+ Rxd8 22. Ng5 h6 23. Ne4 Bb2 24. Rb1 Bxe5 25. Ke3 Nxa2 26. f4 Bd4+ 27. Kf3 Kb7 28. g4 Nc3 29. Nxc3 Bxc3 30. g5 hxg5 31. fxg5 e5 32. h5 Bd2 33. Kg4 e4 34. Rf1 e3 35. Kf3 Re8 36. Ke2 Re5 37. Rg1 Rf5 38. h6 gxh6 39. gxh6 Rh5 40. Rg7 Rxh6 41. Rxf7 Rh1 42. Rf6 Rb1 43. Rf4 Rxb3 44. Rf1 a5 45. Rf4 a4 46. c5 b5 47. Rf1 a3 48. Ra1 b4 49. Ra2 Rb2 50. Ra1 a2 51. Kd3 b3 52. Ke2 Rb1 53. c6+ Kxc6 0-1